 Dungeon Sprint DCSS version 0.27-a0-1046-g98bf31544f (webtiles) character file.

Game seed: 15203951133093258085

180 mhtbhm the Arsonist (level 5, 0/28 HPs)
             Began as a Deep Elf Fire Elementalist on Apr 20, 2021.
             Was a Follower of Vehumet.
             Slain by a raiju (9 damage)
             ... in the Dungeon (Sprint V: "Ziggurat Sprint").
             The game lasted 00:01:00 (147 turns).

mhtbhm the Arsonist (Deep Elf Fire Elementalist)     Turns: 147, Time: 00:01:00

Health: 0/28       AC:  5    Str:  5    XL:     5   Next: 33%
Magic:  10/16      EV: 14    Int: 33    God:    Vehumet [*.....]
Gold:   0          SH:  0    Dex: 15    Spells: 1/17 levels left

rFire    + . .     SeeInvis .   C - +8 lance "Wyrmbane" {slay drac, rPois rF+ rC+ AC+3}
rCold    + . .     Faith    .   (no shield)
rNeg     . . .     Spirit   .   a - +0 robe
rPois    +         Reflect  .   (no helmet)
rElec    .         Harm     .   (no cloak)
rCorr    .         Rampage  .   (no gloves)
Will     .....     NoTele   +   (no boots)
Stlth    +++.......             (no amulet)
HPRegen  0.09/turn              u - +6 ring of intelligence
MPRegen  0.15/turn              v - +6 ring of intelligence

@: no status effects
A: no striking features
a: Renounce Religion


You were in the Dungeon.
You worshipped Vehumet.
Vehumet was aware of your devotion.
You visited 1 branch

Inventory:

Hand Weapons
 C - the +8 lance "Wyrmbane" (weapon) {slay drac, rPois rF+ rC+ AC+3}
   (You found it in the Dungeon)

   It affects your AC (+3).
   It protects you from fire.
   It protects you from cold.
   It protects you from poison.
Armour
 a - a +0 robe (worn)
Jewellery
 u - a +6 ring of intelligence (left hand)
 v - a +6 ring of intelligence (right hand)
Wands
 y - a wand of mindburst (7)
 z - a wand of iceblast (4)
 A - a wand of acid (4)
Scrolls
 h - 4 scrolls of blinking
 m - 4 scrolls of amnesia
 n - 7 scrolls of fog
 o - a scroll of holy word
 p - 5 scrolls of identify
 q - 2 scrolls of fear
Potions
 b - 2 potions of brilliance
 c - 10 potions of curing
 d - 10 potions of heal wounds
 e - 6 potions of haste
 f - 7 potions of magic
 g - 3 potions of berserk rage
 i - 2 potions of invisibility
 j - 4 potions of resistance
 k - a potion of experience
 l - 5 potions of might
Miscellaneous
 B - a lightning rod (4/4)


   Skills:
 + Level 5.2 Dodging
 - Level 4.6 Stealth
 + Level 6.9 Spellcasting
 + Level 1.7 Conjurations
 + Level 9.5 Fire Magic
 + Level 1.8 Evocations


You had one spell level left.
You knew the following spells:

 Your Spells              Type           Power      Damage    Failure   Level
a - Foxfire               Conj/Fire      100%       2x1d9     1%          1
b - Conjure Flame         Conj/Fire      48%        6-21      1%          3
c - Inner Flame           Hex/Fire       43%        N/A       1%          3
d - Sticky Flame          Conj/Fire      48%        2d7       3%          4
e - Fireball              Conj/Fire      24%        3d11      11%         5

Your spell library contained the following spells:

 Spells                   Type           Power      Damage    Failure   Level
 Freeze                   Ice            44%        1d6       4%          1
 Summon Small Mammal      Summ           44%        N/A       4%          1
 Call Imp                 Summ           11%        N/A       6%          2
 Call Canine Familiar     Summ           11%        N/A       12%         3
 Summon Guardian Golem    Hex/Summ       11%        N/A       12%         3
 Summon Ice Beast         Ice/Summ       11%        N/A       36%         4
 Summon Lightning Spire   Summ/Air       11%        N/A       36%         4


Dungeon Overview and Level Annotations

Branches:
Dungeon (1/1)

Altars:
Ashenzari
Cheibriados
Dithmenos
Elyvilon
Fedhas
Gozag
Hepliaklqana
Kikubaaqudgha
Makhleb
Nemelex Xobeh
Okawaru
Qazlal
Ru
Sif Muna
Trog
Uskayaw
Vehumet
Wu Jian
Xom
Yredelemnul
Zin
The Shining One
Beogh
Jiyva
Lugonu

Annotations:
D 1 transporter


Message History

Aiming: Fireball (potentially lethal; 14% risk of failure)
Press: ? - help, Shift-Dir - straight line, f - white imp
Aim: a white imp The fireball explodes!
The fireball engulfs the white imp!!
The white imp is burned terribly!
You kill the white imp!
Vehumet accepts your kill.
The fireball engulfs the crimson imp.
The crimson imp completely resists.
The fireball engulfs the raiju!
The raiju is moderately wounded.
The raiju barks!
Unknown command.
Unknown command.
Unknown command.
Aiming: Iceblast
Press: ? - help, Shift-Dir - straight line, f - crimson imp
Aim: a crimson imp, wielding a staff of fire The mass of ice explodes!
The iceblast engulfs the crimson imp!!
The crimson imp is frozen!
You kill the crimson imp!
Vehumet accepts your kill.
You can now gain magical power from killing.
Vehumet offers you knowledge of Freeze.
The iceblast engulfs the raiju!
The raiju is heavily wounded.
The raiju bursts into living lightning!
The living lightning misses you. The living lightning hits you!
Ouch! That really hurt!
The raiju blinks! x3
Your Dodging skill increases to level 5!
Your Fire Magic skill increases to level 9!
Unknown command.
Aiming: Corrosive Bolt
Press: ? - help, Shift-Dir - straight line, f - raiju
Aim: a raiju (heavily wounded, 57% to hit)
The bolt of acid hits the raiju.
The raiju is splashed with acid.
The acid corrodes the raiju!
The raiju is almost dead.
The raiju bites you!
You die...

▓▓▓▓▓▓▓▓▓▓▓▓▓
▓.8©8.▓.8©8.▓
▓..=).▓.....▓
▓.|...▓...|.▓
▓.....▓.....▓
▓.....▓.....▓
▓..h..▓..©..▓
▓..@..▓▓▓▓▓▓▓
▓▓▓▓▓▓▓


You could see a raiju (corroded).

Vanquished Creatures
  A fire elemental (D)
  A crimson imp (D)
  A white imp (D)
  A fire vortex (D)
4 creatures vanquished.

Notes
Turn   | Place    | Note
-------+----------+-------------------------------------------
     0 | D        | mhtbhm the Deep Elf Fire Elementalist began the quest for
                  | the Orb.
     0 | D        | Reached XP level 1. HP: 10/10 MP: 6/6
     0 | D        | Found a shimmering blue altar of Sif Muna.
     0 | D        | Found a bloodstained altar of Trog.
     0 | D        | Found a sacrificial altar of Ru.
     0 | D        | Found a stormy altar of Qazlal.
     0 | D        | Found an iron altar of Okawaru.
     1 | D        | Found a sparkling altar of Nemelex Xobeh.
     1 | D        | Found a blossoming altar of Fedhas.
     2 | D        | Found the +6 Majin-Bo {vamp, MP+6 Int+6}
     2 | D        | Found the +9 heavy crossbow "Sniper" {vorpal, Acc+∞ SInv}
     2 | D        | Found the +10 dark maul {vorpal}
     2 | D        | Found the +15 Maxwell's patent armour {-Cast -Tele rElec
                  | Will+ rCorr}
     2 | D        | Found the +18 shield of the Gong {rElec rN+ Will+ EV-5}
     2 | D        | Found the +14 obsidian axe {vorpal, Drain Fly SInv}
     2 | D        | Found the +7 great mace "Firestarter" {inner flame, rF++}
     2 | D        | Found the +6 shillelagh "Devastator" {shatter}
     2 | D        | Found the +11 plutonium sword {Contam Stlth-}
     2 | D        | Found the +8 lance "Wyrmbane" {slay drac, rPois rF+ rC+
                  | AC+3}
     2 | D        | Found the +9 sword of Zonguldrok {reap}
     2 | D        | Found the +13 scythe of Curses {drain, Drain}
     2 | D        | Found the +5 sword of Power {vorpal}
     2 | D        | Found the +7 mace of Variability {chain chaos}
     2 | D        | Found the +7 Singing Sword {vorpal, sonic wave}
     2 | D        | Found the +8 storm bow {elec, penet}
     3 | D        | Found a transporter.
     3 | D        | Found an ancient bone altar of Kikubaaqudgha.
     3 | D        | Found a viscous altar of Jiyva.
     3 | D        | Found a corrupted altar of Lugonu.
     3 | D        | Found a hazy altar of Hepliaklqana.
     3 | D        | Found a burning altar of Makhleb.
     3 | D        | Found an opulent altar of Gozag.
    39 | D        | Became a worshipper of Vehumet
    63 | D        | Entered arena 2.
    63 | D        | Noticed a fire elemental
    63 | D        | Found a transporter.
    66 | D        | Killed a fire elemental
    67 | D        | Reached skill level 8 in Fire Magic
    67 | D        | Reached skill level 1 in Evocations
    67 | D        | Reached XP level 2. HP: 15/15 MP: 7/11
    67 | D        | Reached XP level 3. HP: 19/19 MP: 7/12
    67 | D        | Reached XP level 4. HP: 24/24 MP: 8/14
    67 | D        | Reached XP level 5. HP: 28/28 MP: 8/15
   126 | D        | Learned a level 3 spell: Conjure Flame
   130 | D        | Learned a level 3 spell: Inner Flame
   135 | D        | Learned a level 4 spell: Sticky Flame
   141 | D        | Learned a level 5 spell: Fireball
   144 | D        | Entered arena 3.
   144 | D        | Noticed a raiju
   144 | D        | Found a transporter.
   146 | D        | Reached * piety under Vehumet
   146 | D        | Offered knowledge of Freeze by Vehumet.
   147 | D        | Reached skill level 5 in Dodging
   147 | D        | Reached skill level 9 in Fire Magic
   147 | D        | Slain by a raiju

Illustrated notes

Levels and vault maps discovered:
D:        sprint_v [room_start, room_1, room_2, room_3, room_4, room_5, room_6,
          room_7, room_8, room_9, room_10, room_11, room_12, room_13, room_14,
          room_15, room_16, room_17, room_18, room_19, room_20, room_21,
          room_22, room_23, room_24, room_25, room_26, room_27]

Skill      XL: |  1  2  3  4  5 |
---------------+----------------+-----
Dodging        | 4 5 |  5.2
Stealth        | 4 |  4.6
Spellcasting   | 6 |  6.9
Fire Magic     | 8 9 |  9.5
Evocations     | 1 |  1.8
Conjurations   | |  1.7

Action                   |  1- 3 |  4- 6 || total
-------------------------+-------+-------++-------
 Cast: Fireball          |       |     1 ||     1
Evoke: Wand              |     3 |     3 ||     6
Dodge: Dodged            |     1 |     1 ||     2

Table legend: (Time is in decaauts)
 A = Elapsed time spent in this place.
 B = Non-inter-level travel time spent in this place.
 C = Inter-level travel time spent in this place.
 D = Time resting spent in this place.
 E = Time spent auto-exploring this place.
 F = Levels seen in this place.
 G = Mean time per level.
                   A        B        C        D        E       F      G
               +--------+--------+--------+--------+--------+-----+--------+
         Total |    145 |    145 |      0 |     49 |      0 |   1 |  145.0 |
       Dungeon |    145 |    145 |      0 |     49 |      0 |   1 |  145.0 |
               +--------+--------+--------+--------+--------+-----+--------+

Top non-repeatable levels by time:
       D: 145 daAuts
